 Dungeon Crawl Stone Soup version 0.21.1-1-g345015f (webtiles) character file.

41 inc the Ducker (level 3, 0/15 HPs)
             Began as a Felid Transmuter on Mar 13, 2018.
             Slain by a worm (12 damage)
             ... on level 2 of the Dungeon.
             The game lasted 00:01:24 (1169 turns).

inc the Ducker (Felid Transmuter)                   Turns: 1169, Time: 00:01:25

Health: 0/15       AC: -3    Str:  8    XL:     3   Next: 32%
Magic:  7/7        EV: 20    Int: 14    God:
Gold:   48         SH:  0    Dex: 17    Spells: 5/6 levels left
                                        Lives:  0   Deaths: 0

rFire    . . .     SeeInvis +     - Unarmed
rCold    . . .     Gourm    .   (shield unavailable)
rNeg     . . .     Faith    .   (armour unavailable)
rPois    .         Spirit   .   (helmet unavailable)
rElec    .         Reflect  .   (cloak unavailable)
rCorr    .         Harm     .   (gloves unavailable)
MR       .....                  (boots unavailable)
Stlth    ++........             (no amulet)
HPRegen  0.05/turn              d - +2 ring of strength
MPRegen  0.10/turn              i - -4 ring of protection (curse)

@: quick
A: very small, no armour, no weapons or thrown items, stealth, claws 1, fangs 3,
see invisible, carnivore, speed 1, shaggy fur 1, slow metabolism 1, sharp paws
a: no special abilities


You were on level 2 of the Dungeon.
You were not hungry.

You visited 1 branch of the dungeon, and saw 2 of its levels.

You collected 48 gold pieces.

Inventory:

Missiles
 a - 12 arrows
Jewellery
 d - a +2 ring of strength (left paw)
 i - a cursed -4 ring of protection (right paw)
Scrolls
 e - a scroll of teleportation
 f - a scroll of enchant weapon {unknown}
Potions
 g - a potion of cancellation {unknown}
 h - a potion of agility {unknown}
 j - a potion of invisibility {unknown}
Books
 b - a book of Changes

   Spells                             Type                      Level
   a - Beastly Appendage              Transmutation                1
   b - Sticks to Snakes               Transmutation                2
   c - Spider Form                    Transmutation/Poison         3
   d - Ice Form                       Ice/Transmutation            4
   e - Blade Hands                    Transmutation                5
Comestibles
 c - a ration


   Skills:
 - Level 1.0 Fighting
 + Level 5.1 Dodging
 - Level 3.0 Unarmed Combat
 - Level 2.0 Spellcasting
 - Level 2.1 Transmutations


You had 5 spell levels left.
You knew the following spells:

 Your Spells              Type           Power        Failure   Level  Hunger
a - Beastly Appendage     Tmut           #.....       10%         1    ##.....


Dungeon Overview and Level Annotations

Branches:
Dungeon (2/15)

Altars:


Innate Abilities, Weirdness & Mutations

You cannot wear armour.
You are incapable of wielding weapons or throwing items.
Your paws allow you to move quietly. (Stealth)
You have sharp claws.
You have razor-sharp teeth.
You have supernaturally acute eyesight. (SInv)
You are carnivorous and can eat meat at any time.
You cover ground quickly.
You are covered in fur. (AC +1)
You have a slow metabolism.
Your sharp claws are effective at attacking unaware monsters.


Message History

No target in view!
No target in view!
No target in view!
No target in view!
No target in view!
No target in view!
No target in view!
No target in view!
Your magical contamination has completely faded away.
Found a stone staircase leading down.
f - a scroll labeled MEWAYBR EBAPA
j - a bubbling cyan potion A worm comes into view.
A worm is nearby!
A worm is nearby!
You scratch the worm.
The worm is moderately wounded.
The worm bites you!
Ouch! That really hurt!
You die...

............#.....# ... ###
.......$..<.#..>..# ...
..##............#.....# ....
.......?.......#.....#
....####..............†......
#....#.....?................
###.....####.......##††...#
###.................###.....#
#...........@w..##### #.....#
#.#.......#.....# ### #######
#.........###......##
#.....>..#### ####..#
#.......#....### #.#
#####.#........#####.#######
.....######.............#
..........................
####.#####...#.............


You could see a worm.

Vanquished Creatures
  2 oozes
  4 bats
  2 giant cockroaches (D:1)
  2 goblins
  4 hobgoblins (D:1)
  8 jackals (D:2)
  A ball python (D:1)
  3 kobolds
  3 rats (D:2)
29 creatures vanquished.

Notes
Turn   | Place    | Note
-------+----------+-------------------------------------------
     0 | D:1      | inc the Felid Transmuter began the quest for the Orb.
     0 | D:1      | Reached XP level 1. HP: 9/9 MP: 4/4
   180 | D:1      | Reached skill level 3 in Dodging
   299 | D:1      | Reached XP level 2. HP: 6/12 MP: 6/6
   492 | D:1      | Reached skill level 4 in Dodging
  1037 | D:2      | Reached XP level 3. HP: 15/15 MP: 7/7
  1128 | D:2      | Reached skill level 5 in Dodging
  1169 | D:2      | Slain by a worm

Skill      XL: |  1  2  3 |
---------------+----------+-----
Dodging        | 3 4 5 |  5.1
Fighting       | |  1.0
Unarmed Combat | |  3.0
Spellcasting   | |  2.0
Transmutations | |  2.1

Action                   || total
-------------------------++-------
Melee: Unarmed           ||    98
       Bite              ||     6
       Punch             ||     1
  Use: Scroll            ||     2
  Eat: Chunk             ||     3
Armor: Skin              ||     6
Dodge: Dodged            ||   104
